Company of Foxholes

Match 8117598
End
Construct Infanterie Kompanie
Selects Breakthrough Battlegroup
Selects Assault Grenadiers
Grenadier Squad
MG 42 Machine Gun Team
Grenadier Squad
MG 42 Machine Gun Team
Construct Panzergrenadier Kompanie
Grenadier Squad
Support Elements
MG 42 Machine Gun Team
Selects Rapid Production
StuG III G Assault Gun
Pioneer Squad
Selects Blitzkrieg
StuG III G Assault Gun
251 Medium Carrier
StuG III G Assault Gun
StuG III G Assault Gun
GrW 34 Mortar Team
GrW 34 Mortar Team
Selects Tiger Heavy Tank
Tiger Heavy Tank
Selects Breakthrough
MG 42 Machine Gun Team
Pioneer Squad
Nebelwerfer 42 Rocket Launcher Team
Pioneer Squad
Construct Panzer Kompanie
Selects Incendiary Bombing Run
Panzer IV Medium Tank
Panzer IV Medium Tank
Pioneer Squad
Pak 40 Anti-tank Gun Team
Pak 40 Anti-tank Gun Team
AI Takeover
月夜笑猫
xizi20
Biobazard
The Sage
0
0

Comments sign in to comment!

No comments posted yet!